 Dungeon Crawl Stone Soup version 0.31.0-12-g77e489cdc1 (webtiles) character file.

Game seed: 14581305947970626347

11 Curundu the Trooper (level 2, 0/27 HPs)
             Began as a Minotaur Berserker on Feb 21, 2024.
             Was a Follower of Trog.
             Succumbed to a kobold's poison
             ... on level 1 of the Dungeon.
             The game lasted 00:02:09 (240 turns).

Curundu the Trooper (Minotaur Berserker)             Turns: 240, Time: 00:02:10

Health: 0/27       AC:  2    Str: 21    XL:     2   Next: 13%
Magic:  1/1        EV: 12    Int:  4    God:    Trog [*.....]
Gold:   16         SH:  0    Dex:  9    Spells: 1/1 levels left

rFire   + . .        a - +0 hand axe
rCold   + . .        (no shield)
rNeg    . . .        b - +0 animal skin
rPois   +            (helmet restricted)
rElec   +            (no cloak)
rCorr   +            (no gloves)
SInv    .            (no boots)
Will    .....        (no amulet)
Stlth   +            (no ring)
HPRegen 0.24/turn    (no ring)
MPRegen 0.07/turn

%: no passive effects
@: lethally poisoned (0 -> -1), resistant
A: horns 2, retaliatory headbutt
a: Renounce Religion, Berserk


You were on level 1 of the Dungeon.
You worshipped Trog.
Trog was aware of your devotion.
You visited 1 branch of the dungeon, and saw 1 of its levels.

You collected 16 gold pieces.

Inventory:

Hand Weapons
 a - a +0 hand axe (weapon)
Armour
 b - a +0 animal skin (worn)
Scrolls
 d - 2 scrolls of identify {unknown}


   Skills:
 + Level 4.0 Fighting
 + Level 4.0 Axes
 + Level 2.5 Armour
 + Level 2.2 Dodging


You had one spell level left.
You didn't know any spells.
Your spell library was empty.

Dungeon Overview and Level Annotations

Branches:
Dungeon (1/15)

Altars:


Innate Abilities, Weirdness & Mutations

You have a pair of horns on your head.
You reflexively headbutt those who attack you in melee.


Message History

You see here 4 stones.
A kobold comes into view.
It is wielding a +2 short sword of venom.
You hit the kobold.
The kobold is severely wounded.
The kobold hits you with a +2 short sword of venom.
You are poisoned.
You hit the kobold but do no damage.
The kobold is severely wounded.
You feel sick.
The kobold hits you with a +2 short sword of venom.
You are lethally poisoned!
You slash the kobold!
You kill the kobold!
Trog accepts your kill.
You feel very sick.
Your Axes skill increases to level 4!
You feel very sick.
You see here a +2 short sword of venom.
There is a lethal amount of poison in your body!
There is a lethal amount of poison in your body!
There is a lethal amount of poison in your body!
There is a lethal amount of poison in your body!
There is a lethal amount of poison in your body!
It was a potion of resistance.
You feel protected.
* * * LOW HITPOINT WARNING * * *
You feel sick.
* * * LOW HITPOINT WARNING * * *
You feel sick.
* * * LOW HITPOINT WARNING * * *
You feel sick.
* * * LOW HITPOINT WARNING * * *
You feel sick.
* * * LOW HITPOINT WARNING * * *
You feel sick.
* * * LOW HITPOINT WARNING * * *
You feel sick.
* * * LOW HITPOINT WARNING * * *
You feel sick.
You die...

#+#≈≈≈≈≈≈≈#+#'#≈≈~...#
≈≈≈≈≈≈≈≈≈≈≈≈≈≈≈≈≈~...#
≈≈≈≈≈≈≈≈≈≈≈≈≈≈≈≈≈~...#
≈≈≈≈~~~~~~~~≈~~~~~...#
...................###
...................#
.######.#####..#..##
.#####..######.#.##
...........(...#@#
.###############.# .##
#.# ..## #.# .).###.
#.# ....... ... ...###
..# ....... ..#
######.


There were no monsters in sight!

Vanquished Creatures
  A bat (D:1)
  An endoplasm (D:1)
  2 goblins (D:1)
  3 hobgoblins (D:1)
  A kobold (D:1)
  A rat (D:1)
9 creatures vanquished.

Notes
Turn   | Place    | Note
-------+----------+-------------------------------------------
     0 | D:1      | Curundu the Minotaur Berserker began the quest for the Orb.
     0 | D:1      | Reached XP level 1. HP: 19/19 MP: 0/0
   171 | D:1      | Reached XP level 2. HP: 23/27 MP: 1/1
   239 | D:1      | HP: 1/27 [poisoned by a kobold]
   240 | D:1      | Succumbed to a kobold's poison

Illustrated notes

Levels and vault maps discovered:
D:1:      dpeg_arrival_castle, layout_loops_ring, serial_shops, shop

Skill      XL: |  1  2 |
---------------+-------+-----
Fighting       | 4 |  4.0
Axes           | 4 |  4.0
Armour         | |  2.5
Dodging        | |  2.2

Action                     || total
---------------------------++-------
  Melee: Hand axe          ||    15
         Headbutt          ||     2
    Use: Potion            ||     1
 Armour: Animal skin       ||     9
  Dodge: Dodged            ||     3
